 Dungeon Crawl Stone Soup version 0.16.2-12-gd0ad4c3 (webtiles) character file.

133737 faibistes the Eclecticist (level 16, 0/92 HPs)
             Began as a Deep Elf Wizard on Feb 22, 2019.
             Was the Champion of Sif Muna.
             Succumbed to a black mamba's poison
             ... on level 1 of the Snake Pit.
             The game lasted 02:19:55 (45546 turns).

faibistes the Eclecticist (Deep Elf Wizard)        Turns: 45546, Time: 02:19:55

Health: 0/92       AC: 12    Str:  4    XL:     16   Next: 60%
Magic:  30/50      EV: 18    Int: 34    God:    Sif Muna [******]
Gold:   316        SH:  0    Dex: 13    Spells: 12 memorised, 2 levels left

rFire  . . .     SeeInvis .     w - staff of earth
rCold  + . .     Clarity  .     P - +1 robe {rC+}
rNeg   . . .     SustAb   .     (no shield)
rPois  +         Gourm    .     v - +1 helmet {Int+3}
rElec  .         Spirit   .     b - +2 cloak {MR+}
rCorr  .         Warding  .     q - +2 pair of gloves
rMut   +         Stasis   .     Z - +0 pair of boots
MR     ++...                    o - amulet of resist mutation
Stlth  ++........               x - ring of magical power
                                k - ring of poison resistance

@: lethally poisoned (0 -> -15), deflect missiles, very resistant to hostile
enchantments, unstealthy
A: no striking features
a: Channel Energy, Forget Spell, Renounce Religion


You were on level 1 of the Snake Pit.
You worshipped Sif Muna.
Sif Muna was exalted by your worship.
You were not hungry.

You visited 6 branches of the dungeon, and saw 30 of its levels.

You collected 3060 gold pieces.
You spent 2744 gold pieces at shops.

Inventory:

Armour
 b - a +2 cloak of magic resistance (worn)
 q - a +2 pair of gloves (worn)
 v - a +1 helmet of intelligence (worn)
 P - a +1 robe of cold resistance (worn)
 Z - a +0 pair of boots (worn)
Magical staves
 a - an uncursed staff of wizardry
 w - an uncursed staff of earth (weapon)
 M - an uncursed staff of air
Rods
 W - a +0 rod of shadows (11/11)
   (You found it on level 1 of the Elven Halls)
Jewellery
 k - a ring of poison resistance (left hand)
 m - the ring of Ruelly {rN+ Int+6 SInv Stlth-}
   (You found it on level 1 of the Snake Pit)

   [ring of see invisible]

   It affects your intelligence (+6).
   It protects you from negative energy.
   It enhances your eyesight.
   It makes you less stealthy.
 o - an amulet of resist mutation (around neck)
 x - a ring of magical power (right hand)
 B - an uncursed ring of invisibility
 O - an uncursed ring of flight
 X - the ring "Dimuaxesk" {Ice Slay+3}
   (You found it on level 11 of the Dungeon)

   [ring of ice]

   It enhances your ice magic, and weakens your fire magic.
   It affects your accuracy and damage with ranged weapons and melee attacks
   (+3).
   It makes you vulnerable to fire.
   It protects you from cold.
Magical devices
 r - a wand of enslavement (8)
 u - a wand of heal wounds (6)
 z - a wand of invisibility (1)
 F - a wand of polymorph (10)
 I - a wand of fire (7)
 S - a wand of fireball (4)
Scrolls
 h - 3 scrolls of fear
 p - 9 scrolls of remove curse
 y - a scroll of enchant weapon
 A - 2 scrolls of immolation
 C - 5 scrolls of teleportation
 G - 2 scrolls of magic mapping
 H - 2 scrolls of recharging
 K - a scroll of amnesia
 R - 5 scrolls of fog
 U - 6 scrolls of blinking
 Y - 3 scrolls of identify
Potions
 c - 2 potions of invisibility
 e - 4 potions of ambrosia
 g - 2 potions of magic
 i - 4 potions of restore abilities
 l - 11 potions of curing
 s - 3 potions of haste
 D - a potion of flight
 E - a potion of resistance
 J - 2 potions of brilliance
Books
 Q - a Young Poisoner's Handbook

   Spells                             Type                      Level
   a - Sting                          Conjuration/Poison           1
   b - Cure Poison                    Poison                       2
   c - Mephitic Cloud                 Conjuration/Poison/Air       3
   d - Olgreb's Toxic Radiance        Poison                       4
   e - Venom Bolt                     Conjuration/Poison           5
 V - a book of Death

   Spells                             Type                      Level
   a - Corpse Rot                     Necromancy                   2
   b - Sublimation of Blood           Necromancy                   2
   c - Agony                          Necromancy                   5
   d - Dispel Undead                  Necromancy                   5
   e - Excruciating Wounds            Charms/Necromancy            5
   f - Bolt of Draining               Conjuration/Necromancy       5
Miscellaneous
 f - a lamp of fire
Comestibles
 d - 22 bread rations
 n - 12 meat rations
 t - 27 fruits
 N - 2 royal jellies


   Skills:
 + Level 7.0 Fighting
 - Level 10.4 Dodging
 - Level 2.4 Stealth
 * Level 17.9 Spellcasting
 + Level 12.0 Conjurations
   Level 2.2 Hexes
 - Level 12.0 Charms
   Level 1.1 Summonings
 - Level 7.0 Translocations
 - Level 3.0 Transmutations
 + Level 12.2 Fire Magic
 - Level 3.4 Air Magic
 * Level 9.1 Earth Magic
 - Level 1.9 Poison Magic
 - Level 10.5 Invocations
 - Level 9.5 Evocations


You had 2 spell levels left.
You knew the following spells:

 Your Spells              Type           Power        Failure   Level  Hunger
a - Magic Dart            Conj           ####         0%          1    None
b - Conjure Flame         Conj/Fire      #######.     1%          3    None
c - Iskenderun's Battles  Conj/Chrm      #######.     1%          5    None
d - Blink                 Tloc           N/A          1%          2    None
e - Mephitic Cloud        Conj/Pois/Air  ####....     1%          3    None
f - Deflect Missiles      Chrm/Air       #####.....   10%         6    None
g - Petrify               Trmt/Erth      #######.     1%          4    None
h - Airstrike             Air            ####......   3%          4    None
i - Ignite Poison         Fire/Trmt      ######....   1%          5    None
v - Bolt of Fire          Conj/Fire      #######...   1%          6    None
x - Force Lance           Conj/Tloc      #######.     1%          4    None
z - Fireball              Conj/Fire      #######...   1%          5    None


Dungeon Overview and Level Annotations

Branches:
Dungeon (13/15)            Temple (1/1) D:4            Lair (8/8) D:11
  Swamp (0/5) Lair:4        Snake (2/5) Lair:3        Slime (0/6) Lair:7
    Orc (4/4) D:11            Elf (2/3) Orc:4        Vaults (0/5) D:13

Altars:
Ashenzari
Cheibriados
Dithmenos
Elyvilon
Fedhas
Gozag
Kikubaaqudgha
Makhleb
Nemelex Xobeh
Okawaru
Qazlal
Ru
Sif Muna
Trog
Vehumet
Xom
Yredelemnul
Zin
The Shining One
Beogh
Jiyva

Shops:
D:5 [   D:10 :   D:12 [   Orc:2 }(   Orc:4 ?(!:   Elf:1 %   Elf:2 *

Annotations:
D:13 Donald, Norris, Rupert
Snake:2 Vashnia


Message History

The bolt freezes you!
* * * LOW HITPOINT WARNING * * *
A black mamba comes into view.
Drink which item? (? for menu, Esc to quit)
You feel much better.
Vashnia shoots a bolt.
You deflect the bolt!
You see here a bolt.
There is a stone staircase leading up here.
You see here 3 bolts.
Vashnia casts a spell.
Vashnia magically shoots a bolt.
The bolt hits you!!
* * * LOW HITPOINT WARNING * * *
The bolt freezes you.
* * * LOW HITPOINT WARNING * * *
The black mamba bites you!
* * * LOW HITPOINT WARNING * * *
You are lethally poisoned!
The black mamba poisons you!
You climb upwards.
Your summoned ally is left behind.
Your battlesphere wavers and loses cohesion.
You die...

##.#.# ###/........# ######.##
#....# ##..##.##.##.######....#
#....# ##....==##.##....#...####
.....###......###.#####...###
##...#..........#.## ##....##
##...#..........#..###..##..#####
#...###......####.....####.....#
###.........####......# #####..
#####..#.......@......# ###
#.....##.#######......#######
##.....)..# ###..........####
#|...^.#### ##########....#
#......# ####.. #......# ###
##....## # #.)..# ######


There were no monsters in sight!

Vanquished Creatures
  A deep elf blademaster (Elf:2)
  Kirke (Elf:2)
  A stone giant (Orc:3)
  Azrael (Elf:2)
  2 deep elf demonologists
  An ettin (Orc:4)
  Snorg (Elf:2)
  A fire dragon (Lair:8)
  Fannar (D:12)
  A deep elf high priest (Elf:1)
  Harold (Lair:2)
  5 hydras
  3 naga warriors
  2 ogre magi (Orc:4)
  3 anacondas
  13 dancing weapons (Elf:2)
  6 death yaks (Lair:7)
  The ghost of faibistes the Thaumaturge, a powerful DEWz of Sif Muna (Lair:2)
  An orc high priest (Elf:1)
  3 naga sharpshooters (Snake:2)
  Nergalle (Lair:4)
  15 deep elf knights
  A sea snake (Snake:2)
  2 unseen horrors
  2 lindwurms
  4 hill giants
  Pikel (D:4)
  10 deep elf summoners
  2 deep trolls (Orc:4)
  3 orc knights (Orc:3)
  2 mana vipers (Snake:1)
  A harpy (Elf:2)
  11 deep elf conjurers
  An orc sorcerer (Elf:2)
  A salamander (Snake:2)
  A cyclops (Orc:4)
  14 black mambas
  3 ugly things (D:11)
  19 elephants
  A wolf spider (Lair:8)
  2 griffons
  A guardian serpent (Lair:8)
  A spiny frog (shapeshifter) (Elf:1)
  2 naga magi (Snake:2)
  14 spiny frogs
  8 komodo dragons
  An efreet (D:11)
  4 fire drakes
  14 deep elf priests
  8 two-headed ogres
  11 trolls
  27 blink frogs
  3 basilisks (Lair:8)
  5 fire elementals (Elf:2)
  20 deep elf magi
  4 redbacks
  3 hungry ghosts
  A shadow (D:11)
  2 wyverns
  A wraith (D:10)
  11 hippogriffs
  6 hogs (Elf:2)
  28 yaks
  5 vampire mosquitoes (Lair:8)
  23 deep elf fighters
  2 mottled dragons
  5 swamp worms (Lair:4)
  A steam dragon (Lair:3)
  3 wargs
  3 hell hounds (Elf:2)
  10 nagas
  32 water moccasins
  24 wolves
  5 phantoms
  11 porcupines
  A black bear (D:7)
  9 orc warriors
  3 swamp drakes (Lair:8)
  4 wasps (Lair:8)
  4 spiders (Lair:8)
  8 ice beasts
  3 sky beasts
  22 ogres
  A boring beetle (Lair:8)
  5 centaurs
  19 crocodiles
  18 giant frogs
  A brain worm (D:11)
  A gnoll sergeant (D:8)
  A water moccasin zombie (D:10)
  5 scorpions
  5 killer bees (D:9)
  A quasit (D:7)
  4 wights (D:8)
  4 electric eels
  2 giant frog zombies
  2 centaur skeletons
  6 crimson imps
  A goliath beetle (D:6)
  16 hounds
  4 giant frog skeletons
  3 jellies
  15 iguanas
  5 orc priests
  7 worker ants
  15 orc wizards
  5 hell rats (Lair:5)
  29 sheep
  Ijyb (D:3)
  2 hound zombies
  2 hound skeletons
  A worker ant zombie (D:11)
  Robin (D:3)
  16 gnolls
  36 adders
  55 river rats
  A giant mite (D:6)
  3 shadow imps
  2 worms
  An adder zombie (D:8)
  7 giant geckos
  131 orcs
  2 bat skeletons (D:6)
  3 bat zombies
  5 giant cockroaches
  31 goblins
  24 hobgoblins
  6 jackals
  16 quokkas
  3 ball pythons
  25 bats
  3 giant newts
  2 giant spores (D:10)
  A hobgoblin zombie (D:8)
  9 kobolds
  32 rats
  14 ballistomycetes
  11 fungi
  4 plants
1124 creatures vanquished.

Vanquished Creatures (collateral kills)
  3 adders
  2 gnolls
  4 jackals (D:2)
9 creatures vanquished.

Vanquished Creatures (others)
  A deep elf mage (Elf:1)
  A tarantella (shapeshifter) (Elf:1)
  A fulminant prism (D:9)
  A worm (D:4)
  3 bats (D:11)
  A giant cockroach (D:4)
  6 giant spores (D:11)
  A goblin (D:4)
  A rat (D:11)
  4 ballistomycetes (D:11)
  A bush (Lair:7)
  40 fungi
  49 plants
110 creatures vanquished.

Grand Total: 1243 creatures vanquished

Notes
Turn   | Place    | Note
--------------------------------------------------------------
     0 | D:1      | faibistes, the Deep Elf Wizard, began the quest for the Orb.
     0 | D:1      | Reached XP level 1. HP: 10/10 MP: 6/6
   188 | D:1      | Reached XP level 2. HP: 15/15 MP: 4/9
   235 | D:1      | Learned a level 2 spell: Blink
   238 | D:1      | Learned a level 2 spell: Call Imp
   916 | D:1      | Reached skill level 5 in Spellcasting
   916 | D:1      | Reached XP level 3. HP: 12/19 MP: 5/14
   921 | D:1      | Learned a level 3 spell: Conjure Flame
   925 | D:1      | Learned a level 3 spell: Mephitic Cloud
  2012 | D:2      | Reached XP level 4. HP: 24/24 MP: 12/17
  2016 | D:2      | Learned a level 2 spell: Repel Missiles
  2336 | D:5      | Entered Level 5 of the Dungeon
  2447 | D:3      | Reached XP level 5. HP: 28/28 MP: 15/20
  2590 | D:3      | Noticed Robin
  2769 | D:3      | Reached skill level 6 in Spellcasting
  2877 | D:3      | Noticed Ijyb
  2888 | D:3      | Killed Ijyb
  2960 | D:3      | Killed Robin
  3443 | D:4      | Noticed Pikel
  3443 | D:4      | Noticed a slave
  3443 | D:4      | Noticed a slave
  3443 | D:4      | Noticed an ogre
  3444 | D:4      | Noticed a slave
  4375 | D:4      | Reached XP level 6. HP: 32/32 MP: 9/22
  4553 | D:4      | Noticed a slave
  4560 | D:4      | Killed Pikel
  4560 | D:4      | Reached skill level 5 in Dodging
  4560 | D:4      | Reached skill level 9 in Spellcasting
  4560 | D:4      | Reached XP level 7. HP: 31/36 MP: 8/27
  4749 | D:4      | Killed an ogre
  5383 | D:5      | Reached XP level 8. HP: 30/41 MP: 18/28
  5582 | D:5      | Noticed an ice beast
  5619 | D:5      | Killed an ice beast
  5619 | D:5      | Reached skill level 10 in Spellcasting
  5640 | D:5      | Found Cannar's Armour Shop.
  6097 | D:4      | Found a staircase to the Ecumenical Temple.
  6102 | Temple   | Entered the Ecumenical Temple
  6125 | Temple   | Became a worshipper of Sif Muna the Loreminder
  6301 | D:5      | Found an iron altar of Okawaru.
  6633 | D:6      | Reached skill level 1 in Air Magic
  6704 | D:6      | Reached skill level 1 in Fire Magic
  6903 | D:6      | Reached skill level 1 in Poison Magic
  7100 | D:6      | Acquired Sif Muna's first power
  7100 | D:6      | Reached skill level 5 in Conjurations
  7722 | D:6      | Reached skill level 11 in Spellcasting
  8203 | D:7      | Found a white marble altar of Elyvilon.
  8388 | D:8      | Reached XP level 9. HP: 35/45 MP: 25/31
  8629 | D:8      | Got an encrusted hand axe
  8643 | D:8      | Lost strength.
  8643 | D:8      | Identified the +4 hand axe of Ragek {drain, +Blink rElec Str-4 Int+2 Stlth+} (You found it on level 8 of the Dungeon)
  8655 | D:8      | Reached skill level 1 in Invocations
  8683 | D:8      | Reached skill level 1 in Charms
  9188 | D:7      | Learned a level 4 spell: Iskenderun's Mystic Blast
  9194 | D:7      | Learned a level 5 spell: Iskenderun's Battlesphere
  9255 | D:7      | Reached skill level 1 in Evocations
  9527 | D:7      | Noticed a moth of wrath
  9530 | D:7      | Found a bloodstained altar of Trog.
  9544 | D:7      | Acquired Sif Muna's second power
  9815 | D:7      | Found a shattered altar of Ashenzari.
 10196 | D:8      | Learned a level 3 spell: Dazzling Spray
 10201 | D:8      | Learned a level 4 spell: Fulminant Prism
 10211 | D:8      | Reached skill level 1 in Fighting
 11290 | D:9      | Reached XP level 10. HP: 52/52 MP: 28/32
 11495 | D:9      | Reached skill level 5 in Fire Magic
 11589 | D:10     | Entered Level 10 of the Dungeon
 11594 | D:10     | Got a jewelled halberd
 11612 | D:9      | Identified the +5 halberd "Frukloce" {antimagic, +Inv rElec rC- MP+9 Str+4} (You found it on level 10 of the Dungeon)
 11793 | D:9      | Found a snail-covered altar of Cheibriados.
 12591 | D:10     | Found Praede's Book Boutique.
 12666 | D:10     | Reached skill level 12 in Spellcasting
 12666 | D:10     | Reached skill level 1 in Hexes
 13152 | D:11     | Noticed a red ugly thing
 13174 | D:11     | Killed a red ugly thing
 13330 | D:12     | Found Muiwkuame's Antique Armour Emporium.
 13330 | D:12     | Noticed Fannar
 13527 | D:12     | Killed Fannar
 13527 | D:12     | Acquired Sif Muna's third power
 13527 | D:12     | Reached skill level 5 in Invocations
 13527 | D:12     | Reached XP level 11. HP: 38/57 MP: 13/34
 13741 | D:13     | Found a gate to the Vaults.
 13741 | D:13     | Noticed Rupert
 13741 | D:13     | Noticed Norris
 13741 | D:13     | Noticed Donald
 13786 | D:12     | Bought an embroidered cloak for 139 gold pieces
 13845 | D:10     | Reached skill level 5 in Charms
 14158 | D:10     | Killed an unseen horror
 14699 | D:11     | Got a sparkling ivory ring
 14701 | D:11     | Identified the ring "Dimuaxesk" {Ice Slay+3} (You found it on level 11 of the Dungeon)
 14705 | D:11     | Identified a scroll of acquirement
 14706 | D:11     | Identified the Handbook of Harmful Fire (You acquired it on level 11 of the Dungeon)
 14716 | D:11     | Learned a level 5 spell: Fireball
 14736 | D:11     | Learned a level 5 spell: Ignite Poison
 14932 | D:11     | Noticed a hill giant
 14964 | D:11     | Killed a hill giant
 14964 | D:11     | Reached skill level 1 in Transmutations
 14995 | D:11     | Identified the Collected Works on Floating Aid
 15072 | D:11     | Found a staircase to the Lair.
 15325 | D:11     | Identified a +8 rod of inaccuracy (14/14) (You found it on level 11 of the Dungeon)
 15538 | D:11     | Noticed a purple ugly thing
 15542 | D:11     | Killed a purple ugly thing
 15542 | D:11     | Reached skill level 13 in Spellcasting
 15902 | D:11     | Found a staircase to the Orcish Mines.
 16438 | D:11     | Killed an unseen horror
 16454 | D:11     | Noticed a green ugly thing
 16466 | D:11     | Killed a green ugly thing
 16893 | D:11     | Noticed a hill giant
 16907 | D:11     | Killed a hill giant
 17450 | Lair:1   | Entered Level 1 of the Lair of Beasts
 17508 | Lair:1   | Noticed a seven-headed hydra
 17512 | Lair:1   | Killed a seven-headed hydra
 17512 | Lair:1   | Reached XP level 12. HP: 64/64 MP: 12/35
 17740 | Lair:1   | Reached skill level 5 in Translocations
 17991 | Lair:2   | Noticed a four-headed hydra
 17998 | Lair:2   | Killed a four-headed hydra
 18136 | Lair:2   | Noticed Harold
 18147 | Lair:2   | Killed Harold
 18147 | Lair:2   | Reached skill level 5 in Evocations
 18341 | Lair:2   | Noticed faibistes' ghost (powerful DEWz)
 18347 | Lair:2   | Killed faibistes' ghost
 20132 | Lair:2   | Received a gift from Sif Muna
 20139 | Lair:2   | Identified Ghocuf's Almanac of Twisted Boosts (Sif Muna gifted it to you on level 2 of the Lair of Beasts)
 20427 | Lair:3   | Found a staircase to the Snake Pit.
 20771 | Lair:3   | Reached skill level 14 in Spellcasting
 21296 | Lair:4   | Noticed a six-headed hydra
 21335 | Lair:4   | Killed a six-headed hydra
 21905 | Lair:4   | Reached XP level 13. HP: 70/70 MP: 4/37
 22111 | Lair:4   | Noticed Nergalle
 22353 | Lair:4   | Killed Nergalle
 22936 | Lair:4   | Reached skill level 10 in Dodging
 23349 | Lair:4   | Found a staircase to the Swamp.
 24195 | Lair:2   | Learned a level 6 spell: Bolt of Fire
 25095 | Lair:5   | Received a gift from Sif Muna
 25586 | Lair:7   | Found a viscous altar of Jiyva.
 25588 | Lair:7   | Found a staircase to the Slime Pits.
 27860 | Lair:8   | Entered Level 8 of the Lair of Beasts
 27973 | Lair:7   | Reached skill level 10 in Conjurations
 27973 | Lair:7   | Reached skill level 10 in Fire Magic
 28221 | Lair:7   | Reached XP level 14. HP: 76/76 MP: 34/38
 28419 | Lair:7   | Reached skill level 15 in Spellcasting
 28756 | Lair:7   | Learned a level 4 spell: Petrify
 29164 | D:10     | Bought a book of the Warp for 1170 gold pieces
 29275 | Lair:2   | Learned a level 4 spell: Force Lance
 30028 | Lair:8   | Reached skill level 1 in Earth Magic
 30088 | Lair:8   | Received a gift from Sif Muna
 30107 | Lair:8   | Identified Sif Muna's Disquisition on Torrid Battle Magic (Sif Muna gifted it to you on level 8 of the Lair of Beasts)
 31373 | Lair:8   | Reached skill level 5 in Fighting
 31469 | Lair:8   | Reached skill level 10 in Invocations
 32259 | Lair:2   | Learned a level 6 spell: Deflect Missiles
 33565 | Orc:1    | Entered Level 1 of the Orcish Mines
 33653 | Orc:4    | Entered Level 4 of the Orcish Mines
 33653 | Orc:4    | Found Sutuuc's Weapon Emporium.
 34151 | Orc:4    | Reached XP level 15. HP: 64/82 MP: 29/39
 34201 | Orc:3    | Reached skill level 16 in Spellcasting
 34365 | Orc:4    | Reached skill level 5 in Earth Magic
 34372 | Orc:4    | Found Vyachaekk's Magic Scroll Emporium.
 34501 | Orc:4    | Found Motaddi's Book Shoppe.
 34501 | Orc:4    | Found Warchapt's Distillery.
 34517 | Orc:4    | Bought a potion of heal wounds for 65 gold pieces
 34537 | Orc:4    | Bought a scroll of blinking for 135 gold pieces
 34561 | Orc:2    | Found Klid's Quality Used Wands.
 34859 | Orc:1    | Found a roughly hewn altar of Beogh.
 35552 | Orc:2    | Found Wadot's Weapon Shop.
 36895 | Orc:4    | Found a staircase to the Elven Halls.
 37306 | Orc:4    | Bought a book of the Sky for 845 gold pieces
 37403 | Lair:2   | Learned a level 4 spell: Airstrike
 37521 | Elf:1    | Entered Level 1 of the Elven Halls
 37528 | Orc:4    | Received a gift from Sif Muna
 37528 | Orc:4    | Reached skill level 10 in Charms
 37529 | Orc:4    | Identified Sif Muna's Handbook of Conjuration (Sif Muna gifted it to you on level 4 of the Orcish Mines)
 37630 | Elf:1    | Noticed a Brimstone Fiend
 38677 | Elf:1    | Found Map Kli's Food Shop.
 39307 | Elf:1    | Identified a +0 rod of shadows (11/11) (You found it on level 1 of the Elven Halls)
 39393 | Elf:1    | Got a pitted dagger
 39394 | Elf:1    | Identified the cursed +3 dagger of Peace {drain, Noisy rElec Int-3 Dex+5} (You found it on level 1 of the Elven Halls)
 40112 | Elf:1    | Found a radiant altar of Vehumet.
 40711 | Elf:2    | Found Qaemus' Assorted Antiques.
 40721 | Elf:2    | Bought a scroll labeled CROHIO CHUPAFA for 39 gold pieces
 41072 | Elf:2    | Found a runed gate.
 41081 | Elf:2    | Found a runed gate.
 41082 | Elf:2    | Found a runed gate.
 41171 | Elf:2    | Reached skill level 17 in Spellcasting
 41236 | Elf:2    | Received a gift from Sif Muna
 41239 | Elf:2    | Identified Sif Muna's Incunabulum of Conjuration and Ignition (Sif Muna gifted it to you on level 2 of the Elven Halls)
 41604 | Elf:2    | Reached XP level 16. HP: 90/90 MP: 20/41
 41606 | Elf:2    | Noticed Kirke
 41810 | Elf:2    | Noticed a deep elf blademaster
 41813 | Elf:2    | Killed a deep elf blademaster
 42133 | Elf:2    | Noticed a Shadow Fiend
 42290 | Elf:2    | Noticed Azrael
 42336 | Elf:2    | Noticed Snorg
 42339 | Elf:2    | Killed Snorg
 42657 | Elf:2    | Killed Azrael
 42866 | Elf:2    | Noticed a Shadow Fiend
 43245 | Elf:2    | Killed Kirke
 43362 | Elf:2    | Bought a steaming scimitar for 351 gold pieces
 43362 | Elf:2    | Identified the +0 scimitar of Articulation {drain, Dex+3} (You bought it in a shop on level 2 of the Elven Halls)
 43564 | Lair:2   | Learned a level 5 spell: Ignite Poison
 43607 | Snake:1  | Entered Level 1 of the Snake Pit
 43909 | Snake:1  | Found a snail-covered altar of Cheibriados.
 44050 | Snake:1  | Received a gift from Sif Muna
 44067 | Snake:1  | Got a smoking jade ring
 44069 | Snake:1  | Identified the ring of Ruelly {rN+ Int+6 SInv Stlth-} (You found it on level 1 of the Snake Pit)
 45084 | Snake:2  | Noticed Vashnia
 45545 | Snake:2  | HP: 2/92 [black mamba (7)]
 45546 | Snake:1  | Succumbed to a black mamba's poison

Action                   |  1- 3 |  4- 6 |  7- 9 | 10-12 | 13-15 | 16-18 || total
-------------------------+-------+-------+-------+-------+-------+-------++-------
Melee: Dagger            |       |     4 |    18 |     8 |       |       ||    30
       Staff             |       |       |       |    43 |    36 |       ||    79
 Cast: Magic Dart        |    78 |   116 |   461 |   221 |   205 |    25 ||  1106
       Call Imp          |     9 |     5 |     1 |       |       |       ||    15
       Conjure Flame     |       |     5 |    26 |    45 |    34 |       ||   110
       Repel Missiles    |       |     1 |     1 |     1 |       |       ||     3
       Mephitic Cloud    |       |     7 |    10 |     8 |     2 |       ||    27
       Blink             |       |       |     4 |    27 |    17 |       ||    48
       Iskenderun's Myst |       |       |    12 |    30 |       |       ||    42
       Iskenderun's Batt |       |       |     7 |    35 |    50 |    17 ||   109
       Dazzling Spray    |       |       |       |    50 |    26 |       ||    76
       Fulminant Prism   |       |       |       |     1 |       |       ||     1
       Fireball          |       |       |       |   125 |   277 |    22 ||   424
       Ignite Poison     |       |       |       |    15 |    90 |    28 ||   133
       Bolt of Fire      |       |       |       |       |    91 |    60 ||   151
       Force Lance       |       |       |       |       |    35 |    22 ||    57
       Deflect Missiles  |       |       |       |       |     3 |     4 ||     7
       Airstrike         |       |       |       |       |    12 |    17 ||    29
Invok: Channel Energy    |       |       |       |    30 |    52 |    70 ||   152
       Forget Spell      |       |       |       |     1 |     3 |       ||     4
Evoke: Rod               |       |       |       |     3 |       |       ||     3
       Wand              |       |       |       |     1 |       |       ||     1
  Use: Scroll            |       |     5 |     7 |    22 |    10 |     4 ||    48
       Potion            |       |       |       |     3 |     2 |     5 ||    10
 Stab: Sleeping          |       |       |     1 |       |       |       ||     1
       Invisible         |       |       |       |     3 |     2 |       ||     5
  Eat: Chunk             |     3 |     8 |    20 |    35 |    56 |     9 ||   131
       Fruit             |       |       |       |     2 |     2 |     4 ||     8
       Beef jerky        |       |       |       |       |     6 |       ||     6
       Pizza             |       |       |       |       |     5 |       ||     5
       Meat ration       |       |       |       |       |       |     1 ||     1
